 Dungeon Crawl Stone Soup version 0.27-a0-1557-g57f10a385c (webtiles) character file.

Game seed: 13991912943261523371

1 bande the Covered (level 1, 14/14 HPs)
             Began as a Gargoyle Fighter on July 16, 2021.
             Quit the game on level 1 of the Dungeon.
             The game lasted 00:00:19 (41 turns).

bande the Covered (Gargoyle Fighter)                  Turns: 41, Time: 00:00:20

Health: 14/14      AC:  6    Str: 19    XL:     1   Next: 20%
Magic:  1/1        EV:  7    Int:  8    God:
Gold:   28         SH:  9    Dex:  9    Spells: 0/0 levels left

rFire    . . .     SeeInvis .   a - +0 war axe
rCold    . . .     Faith    .   c - +0 kite shield
rNeg     + . .     Spirit   .   b - +0 scale mail
rPois    ∞         Reflect  .   (no helmet)
rElec    +         Harm     .   (no cloak)
rCorr    .         Rampage  .   (no gloves)
Will     .....                  (no boots)
Stlth    ..........             (no amulet)
HPRegen  0.04/turn              (no ring)
MPRegen  0.07/turn              (no ring)

@: no status effects
A: sickness immunity, AC +2, negative energy resistance 1, electricity
resistance, torment resistance 1, petrification resistance, deformed body
a: no special abilities


You were on level 1 of the Dungeon.
You visited 1 branch of the dungeon, and saw 1 of its levels.

You collected 28 gold pieces.

Inventory:

Hand Weapons
 a - a +0 war axe (weapon)
Armour
 b - a +0 scale mail (worn)
 c - a +0 kite shield (worn)
Potions
 d - a potion of might


   Skills:
 + Level 3.3 Fighting
 + Level 1.7 Axes
 + Level 3.3 Armour
 + Level 3.3 Shields


You couldn't memorise any spells.
You didn't know any spells.
Your spell library was empty.

Dungeon Overview and Level Annotations

Branches:
Dungeon (1/15)

Altars:


Innate Abilities, Weirdness & Mutations

You are immune to sickness and miasma.
Your stone body is resilient. (AC +2)
You are immune to poison.
You resist negative energy. (rN+)
You are resistant to electric shocks. (rElec)
You are resistant to unholy torment.
You are immune to petrification.
Armour fits poorly on your strangely shaped body.


Message History

Welcome, bande the Gargoyle Fighter.
Will you prevail where others failed? Will you find the Orb of Zot?
Press ? for a list of commands and other information.
Found 28 gold pieces and 22 stones.
Found a staircase leading out of the dungeon.
You now have 11 gold pieces.
You see here 22 stones.
You now have 28 gold pieces (gained 17).
You open the door.
There is an open door here.
Found a glowing grey potion.
A bat comes into view.
You block the bat's attack.
You barely miss the bat. The bat hits you but does no damage.
The bat barely misses you. The bat hits you but does no damage.
You barely miss the bat. You block the bat's attack.
You slash the bat!
You kill the bat!
No target in view!
No target in view!
No target in view!
No target in view!
No target in view!
No target in view!
e - a glowing grey potion
Okay, then.
You aren't carrying any scrolls.
Unknown command.
It was a potion of mutation.
You feel extremely strange.
Your body twists and deforms.
Okay, then.
Okay, then.
Are you sure you want to abandon this character and quit the game? (Confirm with "yes".)

...8...##.#....# ...
......8##.#....######...
......###.#.............
......###.#.............
#'######..#.............
#................†......
###############.........
#......... #.@.......
#......... #.........
##########


There were no monsters in sight!

Vanquished Creatures
  A bat (D:1)
1 creature vanquished.

Notes
Turn   | Place    | Note
-------+----------+-------------------------------------------
     0 | D:1      | bande the Gargoyle Fighter began the quest for the Orb.
     0 | D:1      | Reached XP level 1. HP: 14/14 MP: 1/1
    40 | D:1      | Gained mutation: Armour fits poorly on your strangely
                  | shaped body. [potion of mutation]
    41 | D:1      | Quit the game

Illustrated notes

Levels and vault maps discovered:
D:1:      mrwooster_arrival_statue_3, layout_basic,
          hellmonk_ecumenical_altar_heavens_door, minmay_pentomino_v4

Action                   || total
-------------------------++-------
Melee: War axe           ||     3
  Use: Potion            ||     1
Armor: Scale mail        ||     2
Dodge: Dodged            ||     1
Block: Kite shield       ||     2

Table legend: (Time is in decaauts)
 A = Elapsed time spent in this place.
 B = Non-inter-level travel time spent in this place.
 C = Inter-level travel time spent in this place.
 D = Time resting spent in this place.
 E = Time spent auto-exploring this place.
 F = Levels seen in this place.
 G = Mean time per level.
                   A        B        C        D        E       F      G
               +--------+--------+--------+--------+--------+-----+--------+
         Total |     43 |     43 |      0 |      0 |     34 |   1 |   43.0 |
       Dungeon |     43 |     43 |      0 |      0 |     34 |   1 |   43.0 |
               +--------+--------+--------+--------+--------+-----+--------+

Top non-repeatable levels by time:
     D:1: 43 daAuts
